 Dungeon Crawl Stone Soup version 0.15-a0-2102-gacb6860 (webtiles) character file.

16426 Qrupt the Protected (level 12, -3/93 HPs)
             Began as a Demonspawn Gladiator on July 15, 2014.
             Was a High Priest of Nemelex Xobeh.
             Blown up by Urug (18 damage)
             ... with a wand of disintegration
             ... on Level 12 of the Dungeon.
             The game lasted 01:05:44 (16328 turns).

Qrupt the Protected (Demonspawn Gladiator)         Turns: 16328, Time: 01:05:44

HP  -3/93        AC -2     Str 17      XL: 12   Next: 10%
MP   0/23        EV 17     Int  9      God: Nemelex Xobeh [*****.]
Gold 603         SH  0     Dex 18      Spells:  0 memorised, 11 levels left

rFire  + . .     SeeInvis .     S - +1 halberd (freeze)
rCold  . . .     Clarity  .     t - +0 robe of Love and Death {rN+}
rNeg   + + .     rCorr    .     (no shield)
rPois  .         rRot     .     (helmet restricted)
rElec  .         Spirit   +     o - +0 cloak
SustAb .         Warding  +     (no gloves)
rMut   .         Stasis   .     (no boots)
Gourm  .                        A - amulet of warding
MR     .....                    T - +3 ring of protection
                                g - ring of protection from fire

@: about to teleport, corroded equipment, not resistant to hostile enchantments,
unstealthy
A: claws 1, horns 2, talons 2, magic shield, magic regeneration
a: Draw One, Peek at Two, Triple Draw, Deal Four, Stack Five, Renounce Religion


You were on level 12 of the Dungeon.
You worshipped Nemelex Xobeh.
Nemelex Xobeh was extremely pleased with you.
You were not hungry.

You visited 3 branches of the dungeon, and saw 14 of its levels.

You collected 603 gold pieces.

Inventory:

Hand weapons
 a - a cursed -2 blowgun
 S - a +1 halberd of freezing (weapon)
Missiles
 w - 4 curare-tipped needles
Armour
 o - a +0 cloak (worn)
 t - the +0 robe of Love and Death (worn) {rN+}
   (You found it on level 11 of the Dungeon)

   It protects you from negative energy.
 G - a +1 robe of cold resistance
Magical devices
 e - a wand of flame (16)
Comestibles
 f - 10 bread rations
 j - 5 meat rations
 m - a slice of pizza
 K - 13 fruits
 L - 3 chunks of warg flesh
 O - 6 royal jellies
 Q - 2 beef jerkies
 Y - 2 rotting chunks of warg flesh
Scrolls
 b - a scroll of recharging {unknown}
 c - 3 scrolls of amnesia {unknown}
 h - 2 scrolls of enchant armour {unknown}
 k - a scroll of fear
 n - 3 scrolls of magic mapping
 p - 4 scrolls of remove curse
 r - 4 scrolls of teleportation
 s - a scroll of immolation {unknown}
 v - 2 scrolls of random uselessness {unknown}
 x - a scroll of noise {unknown}
 E - 2 scrolls of enchant weapon {unknown}
 J - 2 scrolls of acquirement {unknown}
 N - a scroll of blinking {unknown}
 U - 2 scrolls of identify
Jewellery
 g - a ring of protection from fire (left claw)
 q - an uncursed ring of magical power
 A - an amulet of warding (around neck)
 I - the amulet of the Rose {Spirit Slay-4, unknown}
   (You found it on level 11 of the Dungeon)

   [amulet of guardian spirit]

   It causes incoming damage to be split between your health and magic.
   It affects your accuracy and damage with ranged weapons and melee attacks
   (-4).
 T - a +3 ring of protection (right claw)
 Z - an uncursed ring of protection from fire
Potions
 i - 2 potions of magic
 l - 4 potions of restore abilities
 z - a potion of flight
 D - a potion of resistance {unknown}
 F - 3 potions of agility
 R - 2 potions of might
 X - a potion of invisibility {unknown}
Miscellaneous
 M - an ornate deck of escape
 P - a plain deck of war {drawn: 1}
 W - a plain deck of war


   Skills:
 - Level 8.2 Fighting
 - Level 10.2 Polearms
 - Level 1.7 Throwing
 - Level 10.3 Armour
 + Level 6.3 Dodging
 - Level 8.1 Evocations


You had 11 spell levels left.
You didn't know any spells.

Dungeon Overview and Level Annotations

Branches:
Dungeon (12/15)            Temple (1/1) D:7             Orc (0/4) D:12
   Lair (1/8) D:10

Altars:
Cheibriados
Elyvilon
Fedhas
Kikubaaqudgha
Makhleb
Nemelex Xobeh
Okawaru
Sif Muna
Trog
The Shining One
Jiyva

Shops:
D:5 *   D:7 *   D:12 :

Annotations:
D:3 Pikel
D:12 Urug


Innate Abilities, Weirdness & Mutations

You have sharp fingernails.
You have a pair of horns on your head.
You have razor-sharp toenails.
When hurt, damage is shared between your health and your magic reserves.
You regenerate magic rapidly.


Message History

Your surroundings seem slightly different.
Urug zaps a wand.
You are blasted!
* * * LOW HITPOINT WARNING * * *
Found a stone staircase leading up.
Drink which item? (? for menu, Esc to quit)
You feel much better.
Urug zaps a wand.
You are blasted!
* * * LOW HITPOINT WARNING * * *
Read which item? (? for menu, Esc to quit)
As you read the scroll of teleportation, it crumbles to dust.
You feel strangely unstable.
Urug zaps a wand.
You are blasted!
* * * LOW HITPOINT WARNING * * *
You smell something rotten. (slot Y) Drink which item? (? for menu, Esc to quit)
Okay, then.
Read which item? (? for menu, Esc to quit)
As you read the scroll of fear, it crumbles to dust.
You assume a fearsome visage.
Urug looks frightened!
Urug zaps a wand.
You are blasted!
You die...
Your body glows with a rainbow of weird colours and disappears.

. ....
.<... #
#..... .#
#..... .#
#..%.%##.#
#........#
#..)%...#
#...!@.#
##....##
##..o#
###)####
#..>.#
#...##
##..##
#).## ###
##.(#


You could see Urug (fleeing).

Vanquished Creatures
  Fannar (D:10)
  Nergalle (D:10)
  2 hill giants
  2 cyclopes
  A feature mimic (D:10)
  A manticore (D:10)
  A queen ant (D:9)
  A spiny frog (Lair:1)
  A komodo dragon (D:11)
  3 trolls
  A burning bush (Lair:1)
  2 deep elf magi
  A two-headed ogre (D:11)
  A trapdoor spider (D:10)
  13 yaks
  A wraith (D:10)
  Eustachio (D:6)
  2 hungry ghosts
  A steam dragon (D:10)
  2 hippogriffs
  Edmund (D:9)
  Menkaure (D:6)
  6 wargs
  3 water moccasins
  4 orc warriors
  3 slaves (D:4)
  2 sky beasts
  6 ogres
  A phantom (D:10)
  4 ice beasts
  3 black bears
  A necrophage (D:9)
  6 centaurs
  A big kobold (D:11)
  A crocodile (D:4)
  A gnoll sergeant (D:10)
  2 giant frogs
  A cyclops zombie (D:12)
  A tengu zombie (D:12)
  A yak zombie (D:9)
  7 killer bees
  A scorpion (D:7)
  A wyvern skeleton (D:9)
  A troll skeleton (D:10)
  A spriggan skeleton (D:10)
  3 vampire bats (D:2)
  19 wights
  A giant frog zombie (D:8)
  3 goliath beetles
  4 crimson imps
  8 orc priests
  3 hounds
  A two-headed ogre zombie (D:12)
  3 iguanas
  15 jellies
  2 centaur skeletons (D:10)
  An iron imp (D:8)
  7 orc wizards
  A giant frog skeleton (D:4)
  2 orange rats (D:7)
  8 worker ants
  Ijyb (D:2)
  A big kobold skeleton (D:8)
  An ogre skeleton (D:10)
  13 adders
  6 gnolls (D:10)
  6 green rats (Lair:1)
  A giant mite (D:6)
  3 shadow imps
  4 worms
  An adder zombie (D:8)
  An iguana skeleton (D:7)
  6 giant geckos
  4 oozes
  33 orcs
  2 ball pythons (D:3)
  7 bat skeletons
  A bat zombie (D:2)
  4 giant cockroaches
  21 hobgoblins
  7 jackals
  30 kobolds
  5 quokkas
  23 bats
  A giant gecko skeleton (D:8)
  5 giant newts
  A giant newt skeleton (D:5)
  2 giant spores
  25 goblins
  A goblin skeleton (D:4)
  A hobgoblin skeleton (D:5)
  A kobold skeleton (D:4)
  A quokka skeleton (D:7)
  A quokka zombie (D:10)
  15 rats
  6 ballistomycetes (D:9)
421 creatures vanquished.

Vanquished Creatures (collateral kills)
  A jelly (D:10)
  A crimson imp (D:10)
  2 orc wizards (D:10)
  3 orcs
  A kobold (D:10)
8 creatures vanquished.

Vanquished Creatures (others)
  Maurice (D:12)
  A vampire mosquito (D:6)
  A giant spore (D:9)
3 creatures vanquished.

Grand Total: 432 creatures vanquished

Notes
Turn   | Place    | Note
--------------------------------------------------------------
     0 | D:1      | Qrupt, the Demonspawn Gladiator, began the quest for the Orb.
     0 | D:1      | Reached XP level 1. HP: 16/16 MP: 1/1
    94 | D:1      | Reached skill level 3 in Polearms
    98 | D:1      | Gained mutation: You have a pair of small horns on your head. [demonic ancestry]
    98 | D:1      | Reached XP level 2. HP: 9/22 MP: 2/2
   447 | D:1      | Found a sparkling altar of Nemelex Xobeh.
   575 | D:1      | Became a worshipper of Nemelex Xobeh the Trickster
   780 | D:1      | Received a gift from Nemelex Xobeh
   816 | D:1      | Gained mutation: When hurt, damage is shared between your health and your magic reserves. [demonic ancestry]
   816 | D:1      | Reached XP level 3. HP: 19/27 MP: 3/3
  1027 | D:1      | Reached skill level 4 in Polearms
  1361 | D:2      | Found a glowing golden altar of the Shining One.
  1484 | D:2      | Found a deep blue altar of Sif Muna.
  1684 | D:2      | Found a white marble altar of Elyvilon.
  1693 | D:2      | Gained mutation: You have sharp toenails. [demonic ancestry]
  1693 | D:2      | Reached XP level 4. HP: 28/33 MP: 4/4
  1844 | D:2      | Found an ancient bone altar of Kikubaaqudgha.
  1845 | D:2      | Reached skill level 5 in Polearms
  1850 | D:2      | Reached XP level 5. HP: 36/38 MP: 5/5
  1975 | D:2      | Acquired Nemelex Xobeh's first power
  2106 | D:2      | Noticed Ijyb
  2120 | D:2      | Killed Ijyb
  2319 | D:2      | Reached skill level 6 in Polearms
  2853 | D:3      | Received a gift from Nemelex Xobeh
  3144 | D:4      | Reached XP level 6. HP: 44/44 MP: 4/6
  3147 | D:4      | Noticed an ogre
  3381 | D:4      | Killed an ogre
  3381 | D:4      | Reached skill level 7 in Polearms
  3529 | D:4      | Noticed a water moccasin
  3529 | D:4      | an ogre changed into a water moccasin
  3536 | D:4      | Killed a water moccasin
  3536 | D:4      | Gained mutation: You have a pair of horns on your head. [demonic ancestry]
  3536 | D:4      | Reached XP level 7. HP: 29/50 MP: 7/7
  3747 | D:4      | Noticed an ogre
  3752 | D:4      | an ogre changed into a crocodile
  3973 | D:4      | Acquired Nemelex Xobeh's second power
  3986 | D:4      | Noticed a slave
  4006 | D:4      | Killed a slave
  4090 | D:4      | Noticed Pikel
  4090 | D:4      | Noticed a slave
  4091 | D:4      | Noticed a slave
  4114 | D:4      | Noticed a slave
  4308 | D:4      | Killed a slave
  4314 | D:4      | Killed a slave
  4555 | D:4      | Found a bloodstained altar of Trog.
  4609 | D:5      | Entered Level 5 of the Dungeon
  4677 | D:5      | Received a gift from Nemelex Xobeh
  4790 | D:5      | Reached skill level 8 in Polearms
  4845 | D:5      | Found Mialuc's Assorted Antiques.
  5264 | D:5      | Reached skill level 9 in Polearms
  5264 | D:5      | Gained mutation: You have razor-sharp toenails. [demonic ancestry]
  5264 | D:5      | Reached XP level 8. HP: 23/56 MP: 7/8
  5526 | D:6      | Noticed Menkaure
  5932 | D:6      | Found a viscous altar of Jiyva.
  6033 | D:6      | Reached skill level 10 in Polearms
  6095 | D:6      | Got a brightly glowing leather armour
  6110 | D:7      | Identified the cursed -4 leather armour "Amuor" {Str+4 Dex+4 Int+3} (You found it on level 6 of the Dungeon)
  6131 | D:6      | Killed Menkaure
  6584 | D:6      | Noticed Eustachio
  6608 | D:6      | Killed Eustachio
  6691 | D:6      | Found a blossoming altar of Fedhas.
  6836 | D:7      | Reached skill level 5 in Fighting
  6836 | D:7      | Reached XP level 9. HP: 60/68 MP: 9/9
  7030 | D:7      | Found Bome's General Store.
  7034 | D:7      | Received a gift from Nemelex Xobeh
  7056 | D:7      | Acquired Nemelex Xobeh's third power
  7221 | D:7      | Found a staircase to the Ecumenical Temple.
  7809 | Temple   | Entered the Ecumenical Temple
  8197 | D:8      | Received a gift from Nemelex Xobeh
  8595 | D:8      | Reached skill level 1 in Armour
  8767 | D:8      | Found a snail-covered altar of Cheibriados.
  9084 | D:8      | Found an iron altar of Okawaru.
  9350 | D:8      | Found a burning altar of Makhleb.
  9566 | D:9      | Reached XP level 10. HP: 80/80 MP: 10/10
  9590 | D:9      | Reached skill level 5 in Armour
  9611 | D:9      | Received a gift from Nemelex Xobeh
  9869 | D:9      | Noticed a catoblepas
  9871 | D:9      | a catoblepas changed into a queen ant
  9904 | D:9      | HP: 4/80 [poisoned by a queen ant]
  9909 | D:9      | HP: 3/80 [poisoned by a queen ant]
  9916 | D:9      | HP: 3/80 [poisoned by a queen ant]
  9924 | D:9      | HP: 3/80 [poisoned by a queen ant]
 10540 | D:9      | Found a sparkling altar of Nemelex Xobeh.
 10582 | D:9      | Noticed Edmund
 10600 | D:9      | Killed Edmund
 10647 | D:9      | Acquired Nemelex Xobeh's fourth power
 10848 | D:10     | Entered Level 10 of the Dungeon
 10860 | D:10     | Noticed Nergalle
 10938 | D:10     | Noticed a spectral orc warlord
 10962 | D:10     | Killed Nergalle
 11936 | D:10     | Noticed Fannar
 12313 | D:10     | Found a staircase to the Lair.
 12342 | D:10     | Received a gift from Nemelex Xobeh
 12342 | D:10     | Noticed a manticore
 12346 | D:10     | Killed a manticore
 12346 | D:10     | Gained mutation: You regenerate magic rapidly. [demonic ancestry]
 12346 | D:10     | Reached XP level 11. HP: 82/86 MP: 11/11
 12424 | D:10     | Reached skill level 10 in Armour
 12612 | D:10     | Killed Fannar
 12701 | D:11     | Reached skill level 1 in Evocations
 13103 | D:11     | Noticed an eight-headed hydra
 13342 | Lair:1   | Entered Level 1 of the Lair of Beasts
 13346 | Lair:1   | Reached skill level 5 in Evocations
 14226 | Lair:1   | Noticed a seven-headed hydra
 14974 | D:11     | Noticed a hill giant
 14991 | D:11     | Killed a hill giant
 15120 | D:11     | Got an ichor-stained robe
 15127 | D:11     | Identified the +0 robe of Love and Death {rN+} (You found it on level 11 of the Dungeon)
 15219 | D:11     | Got a smoking platinum amulet
 15588 | D:12     | Found Plaak's Book Shoppe.
 15596 | D:12     | Received a gift from Nemelex Xobeh
 15640 | D:12     | Reached skill level 5 in Dodging
 15657 | D:12     | Noticed a hill giant
 15668 | D:12     | Killed a hill giant
 15684 | D:12     | Gained mutation: You have sharp fingernails. [demonic ancestry]
 15684 | D:12     | Reached XP level 12. HP: 93/93 MP: 23/23
 15715 | D:12     | Acquired Nemelex Xobeh's fifth power
 16261 | D:12     | Found a staircase to the Orcish Mines.
 16304 | D:12     | Noticed Urug
 16307 | D:12     | Noticed Maurice
 16323 | D:12     | Killed Maurice
 16328 | D:12     | Blown up by Urug

Action                   |  1- 3 |  4- 6 |  7- 9 | 10-12 || total
-------------------------+-------+-------+-------+-------++-------
Melee: Trident           |   172 |   141 |   516 |       ||   829
       Halberd           |       |       |    80 |   611 ||   691
Throw: Throwing net      |       |     3 |     3 |     3 ||     9
Invok: Draw One          |       |     4 |    10 |     7 ||    21
Evoke: Wand              |       |       |     1 |       ||     1
  Use: Scroll            |       |     4 |     7 |     5 ||    16
       Potion            |       |       |     1 |     9 ||    10
 Stab: Sleeping          |     2 |     1 |     2 |     1 ||     6
       Held in net/web   |       |     2 |     1 |       ||     3
       Distracted        |       |       |     2 |     3 ||     5
       Invisible         |       |       |       |     2 ||     2
  Eat: Chunk             |     3 |     5 |    16 |    21 ||    45
       Bread ration      |       |       |     1 |       ||     1
       Pizza             |       |       |       |     2 ||     2
       Beef jerky        |       |       |       |     1 ||     1
